Construct Section Command Post
Selects Heavy Armor Battlegroup
Selects Light Vehicle Withdraw and Refit
Construct Platoon Command Post
Light Vehicle Withdraw and Refit
Selects Rigorous Vehicle Training
6-pounder Anti-tank Gun Team
Selects Forward Repair Assembly
Construct Company Command Post
6-pounder Anti-tank Gun Team
Selects Churchill Black Prince Heavy Tank
6-pounder Anti-tank Gun Team
Churchill Black Prince Heavy Tank
6-pounder Anti-tank Gun Team
Unlock Towed 17-pounder Anti-tank Guns
17-pounder Anti-tank Gun Team